 Dungeon Crawl Stone Soup version 0.16-a0-223-g37887f7 (webtiles) character file.

66 Afay the Ruffian (level 3, 0/28 HPs)
             Began as a Draconian Transmuter on Aug 20, 2014.
             Slain by an adder (1 damage)
             ... on Level 2 of the Dungeon.
             The game lasted 00:03:37 (1108 turns).

Afay the Ruffian (Draconian Transmuter)             Turns: 1108, Time: 00:03:38

HP   0/28        AC  5     Str 13      XL: 3   Next: 96%
MP   6/6         EV 12     Int 13      God:
Gold 88          SH  0     Dex 11      Spells:  1 memorised,  5 levels left

rFire  + . .     SeeInvis .       - Unarmed
rCold  + . .     Clarity  .     (armour unavailable)
rNeg   . . .     rCorr    +     (no shield)
rPois  +         rRot     .     (helmet restricted)
rElec  +         Spirit   .     (no cloak)
SustAb .         Warding  .     (no gloves)
rMut   .         Stasis   .     (no boots)
Gourm  .                        (no amulet)
MR     .....                    (no ring)
                                f - ring of stealth

@: resistant, not resistant to hostile enchantments, unstealthy
A: unfitting armour, hooves 1, cold-blooded, AC +5
a: no special abilities


You were on level 2 of the Dungeon.
You were hungry.

You visited 1 branch of the dungeon, and saw 2 of its levels.

You collected 88 gold pieces.

Inventory:

Missiles
 b - 12 arrows
Comestibles
 a - a bread ration
Scrolls
 c - 2 scrolls of identify {unknown}
 g - 2 scrolls of remove curse {unknown}
 h - a scroll of teleportation {unknown}
Jewellery
 f - a ring of stealth (left hand)
Potions
 e - a potion of resistance
Books
 d - a book of Changes

   Spells                             Type                      Level
   *Beastly Appendage                 Transmutation                1
   Sticks to Snakes                   Transmutation                2
   Spider Form                        Transmutation/Poison         3
   Ice Form                           Ice/Transmutation            4
   Blade Hands                        Transmutation                5


   Skills:
 + Level 1.5 Fighting
 * Level 3.0 Dodging
 * Level 3.8 Unarmed Combat
 - Level 2.0 Spellcasting
 + Level 2.0 Transmutations


You had 5 spell levels left.
You knew the following spells:

 Your Spells              Type           Power        Failure   Level  Hunger
a - Beastly Appendage     Trmt           #.....       12%         1    ##.....


Dungeon Overview and Level Annotations

Branches:
Dungeon (2/15)

Altars:

Annotations:
D:2 Terence


Innate Abilities, Weirdness & Mutations

Your plain brown scales are hard (AC +5).
Your body does not fit into most forms of armour.
Your cold-blooded metabolism reacts poorly to cold.
You have large cloven feet.


Message History

You hit the crimson imp.
The crimson imp is lightly wounded.
The crimson imp barely misses you.
You barely miss the crimson imp.
The crimson imp is lightly wounded.
The crimson imp blinks!
The adder closely misses you. The adder barely misses you.
The crimson imp blinks!
The adder completely misses you.
The crimson imp disappears for a moment.
The crimson imp sputters.
The crimson imp blinks!
The adder closely misses you. The adder bites you but does no damage.
Found 2 scrolls labeled SCHUMU FAQIQ.
A jackal comes into view.
The jackal barks!
Terence the Incautious comes into view.
He is wielding a falchion.
The adder bites you.
* * * LOW HITPOINT WARNING * * *
The adder bites you.
You die...

#.######'#####.#
.#######.#..........#.#
.........#..........#.#
?....h...#..........#.#
..@......#..........#.#
.#######.#..........#.#
........h#..........#.#
.#######S#..........#.#
#@#..........#.###
#.#..........#.##.
#.#..........#.##.
#.##########.#%##.
#.##########..%##.
#..........%......
#########.###..##. #.#
#.>##.
#.########.####.##.


You could see an adder and a jackal.

Vanquished Creatures
  A hound (D:2)
  An adder (D:2)
  A giant gecko (D:1)
  A giant cockroach (D:1)
  3 goblins (D:1)
  2 hobgoblins (D:1)
  5 jackals
  5 bats
  2 giant newts (D:1)
  A kobold (D:1)
  4 rats
26 creatures vanquished.

Notes
Turn   | Place    | Note
--------------------------------------------------------------
     0 | D:1      | Afay, the Draconian Transmuter, began the quest for the Orb.
     0 | D:1      | Reached XP level 1. HP: 16/16 MP: 3/3
   146 | D:1      | Reached XP level 2. HP: 17/23 MP: 4/4
   795 | D:2      | Reached XP level 3. HP: 9/28 MP: 4/6
  1071 | D:2      | HP: 1/28 [hound (6)]
  1075 | D:2      | Gained mutation: You have large cloven feet. [potion of beneficial mutation]
  1104 | D:2      | Noticed Terence
  1105 | D:2      | HP: 1/28 [adder (3)]
  1108 | D:2      | Slain by an adder

Action                   || total
-------------------------++-------
Melee: Unarmed           ||   123
 Cast: Beastly Appendage ||     3
  Use: Potion            ||     2
 Stab: Sleeping          ||     1
